 Dungeon Crawl Stone Soup version 0.26.1-11-gd32895ea62 (webtiles) character file.

Game seed: 18074953040490190786

7953 Hehehe the Cleaver (level 11, -9/94 HPs)
             Began as a Deep Dwarf Fighter on July 20, 2021.
             Was an Elder of Makhleb.
             Killed from afar by a deep troll earth mage (30 damage)
             ... with a blast of rock fragments
             ... on level 11 of the Dungeon.
             The game lasted 00:15:57 (7792 turns).

Hehehe the Cleaver (Deep Dwarf Fighter)             Turns: 7792, Time: 00:15:58

Health: -9/94      AC: 15    Str: 24    XL:     11   Next: 3%
Magic:  3/3        EV:  6    Int:  8    God:    Makhleb [****..]
Gold:   466        SH:  0    Dex: 12    Spells: 10/10 levels left

rFire    . . .     SeeInvis .   a - +0 war axe
rCold    . . .     Faith    .   c - +0 kite shield
rNeg     . . .     Spirit   .   y - +0 plate armour
rPois    .         Reflect  .   (no helmet)
rElec    .         Harm     .   (no cloak)
rCorr    .         Rampage  .   r - +2 pair of gloves
Will     +....                  (no boots)
Stlth    ..........             (no amulet)
HPRegen  0.00/turn              f - +4 ring of slaying
MPRegen  0.08/turn              w - ring of flight

@: confused, mighty, non-regenerating
A: damage resistance, heal wounds, sense surroundings 2, no regeneration
a: Heal Wounds, Renounce Religion, Evoke Flight, Minor Destruction, Lesser
Servant of Makhleb, Major Destruction


You were on level 11 of the Dungeon.
You worshipped Makhleb.
Makhleb was greatly pleased with you.
You visited 2 branches of the dungeon, and saw 12 of its levels.

You collected 466 gold pieces.

Inventory:

Hand Weapons
 a - a +0 war axe (weapon)
Armour
 c - a +0 kite shield (worn)
 r - a +2 pair of gloves (worn)
 y - a +0 plate armour (worn)
Jewellery
 f - a +4 ring of slaying (left hand)
 w - a ring of flight (right hand)
 B - an uncursed ring of resist corrosion
Wands
 g - a wand of digging (7)
 j - a wand of paralysis (22)
 q - a wand of flame (30)
Scrolls
 b - 2 scrolls of noise {unknown}
 h - 7 scrolls of blinking
 i - a scroll of magic mapping
 k - a scroll of immolation
 l - 3 scrolls of enchant weapon
 n - 2 scrolls of fog
 p - 2 scrolls of amnesia
 s - 4 scrolls of teleportation
 t - 5 scrolls of remove curse
 u - 2 scrolls of fear
 E - a scroll of summoning {unknown}
 F - a scroll of identify
Potions
 d - 2 potions of might
 e - a potion of attraction {unknown}
 m - 3 potions of degeneration
 o - a potion of resistance {unknown}
 v - a potion of brilliance {unknown}
 x - 3 potions of curing {unknown}
 z - a potion of mutation
 A - a potion of cancellation
 C - 3 potions of lignification {unknown}
 D - 2 potions of flight {unknown}


   Skills:
 + Level 5.1 Fighting
 + Level 14.7 Axes
 - Level 5.0 Armour
 - Level 4.0 Dodging
 + Level 6.1 Shields
 + Level 6.0 Evocations


You had 10 spell levels left.
You didn't know any spells.
Your spell library contained the following spells:

 Spells                   Type           Power        Failure   Level
 Apportation              Tloc           0%           100%        1
 Beastly Appendage        Tmut           0%           100%        1
 Wereblood                Tmut           0%           100%        2
 Confusing Touch          Hex            0%           100%        3
 Gell's Gravitas          Tloc           0%           100%        3
 Spider Form              Tmut/Pois      0%           100%        3
 Ice Form                 Ice/Tmut       0%           100%        4
 Petrify                  Tmut/Erth      0%           100%        4
 Blade Hands              Tmut           0%           100%        5
 Metabolic Englaciation   Hex/Ice        0%           100%        5
 Yara's Violent Unravell  Hex/Tmut       0%           100%        5


Dungeon Overview and Level Annotations

Branches:
Dungeon (11/15)            Temple (1/1) D:4            Lair (0/6) D:9
    Orc: D:9-12

Altars:
Ashenzari
Cheibriados
Dithmenos
Elyvilon
Fedhas
Gozag
Hepliaklqana
Kikubaaqudgha
Makhleb
Nemelex Xobeh
Okawaru
Qazlal
Ru
Sif Muna
Trog
Uskayaw
Vehumet
Wu Jian
Yredelemnul
Zin
The Shining One

Shops:
D:7 **   D:9 [   D:10 [

Annotations:
D:7 2 transporters


Innate Abilities, Weirdness & Mutations

You are resistant to damage.
You can heal yourself by infusing magical energy.
You passively map the area around you.
You do not regenerate.


Message History

The deep troll earth mage is lightly wounded.
You slash the sphinx! The deep troll earth mage bites you!!
The deep troll earth mage claws you. x2
You slash the deep troll earth mage!
The deep troll earth mage is heavily wounded.
You hit the sphinx.
You hear the loud beating of a distant drum.
The sphinx barely misses you. You block the sphinx's attack. x2
The deep troll earth mage bites you!!
You block the deep troll earth mage's attack.
The deep troll earth mage claws you!
* * * LOW HITPOINT WARNING * * *
You barely miss the deep troll earth mage.
The deep troll earth mage is heavily wounded.
Your plate armour prevents you from hitting the sphinx.
The sphinx mumbles some strange words.
You are confused.
The deep troll earth mage points at you and mumbles some strange words.
The stone door frame shatters!
The blast of rock fragments hits you!!
You die...

########* #...'..#
#...#@.#+ #...#TH:}#
#.(.#..)}############
#...#######.........#
#........#..........##
#......(.#..........#.
#......))#..........#.
########(#..........#.
#.......#'####.


You could see a sphinx and a deep troll earth mage.

Vanquished Creatures
  A centaur warrior (D:11)
  A two-headed ogre (D:8)
  A cyclops (D:11)
  Maurice (D:10)
  2 trolls
  Prince Ribbit (D:5)
  Sigmund (D:6)
  A vampire (D:11)
  A wraith (D:9)
  Eustachio (D:5)
  A steam dragon (D:9)
  3 wargs (D:9)
  2 ice beasts
  3 sky beasts
  A black bear (D:9)
  4 orc warriors
  5 ogres
  2 phantoms
  4 centaurs
  5 big kobolds
  5 bullfrogs
  A wyvern zombie (D:11)
  A scorpion (D:10)
  A howler monkey (D:6)
  7 hounds
  A centaur zombie (D:5)
  A quasit (D:8)
  A bullfrog zombie (D:10)
  2 bullfrog skeletons (D:4)
  7 orc priests
  2 jellies
  3 iguanas
  11 orc wizards
  7 worker ants
  2 hound zombies
  2 hound skeletons
  A mummy (D:9)
  2 worker ant zombies
  4 gnolls (D:7)
  12 adders
  4 shadow imps
  3 white imps
  5 ufetubi
  An ooze (D:1)
  3 adder zombies
  An adder skeleton (D:7)
  2 worms
  A dart slug (D:2)
  3 leopard geckos
  46 orcs
  3 ball pythons
  5 giant cockroaches
  4 goblins
  11 hobgoblins
  3 jackals (D:8)
  A quokka (D:2)
  5 bats
  2 frilled lizards
  25 kobolds
  6 rats
248 creatures vanquished.

Vanquished Creatures (others)
  A sky beast (D:9)
  An orc (D:9)
  A plant (D:9)
3 creatures vanquished.

Grand Total: 251 creatures vanquished

Notes
Turn   | Place    | Note
-------+----------+-------------------------------------------
     0 | D:1      | Hehehe the Deep Dwarf Fighter began the quest for the Orb.
     0 | D:1      | Reached XP level 1. HP: 20/20 MP: 1/1
   187 | D:1      | Reached skill level 3 in Axes
   190 | D:1      | Reached XP level 2. HP: 25/27 MP: 2/2
   984 | D:2      | Reached XP level 3. HP: 21/33 MP: 3/3
   994 | D:2      | Reached skill level 4 in Axes
  1204 | D:2      | Reached XP level 4. HP: 24/40 MP: 4/4
  1253 | D:2      | Reached skill level 5 in Axes
  1773 | D:3      | Reached XP level 5. HP: 43/46 MP: 5/5
  1792 | D:3      | Reached skill level 6 in Axes
  1806 | D:3      | You fall into a shaft and drop 2 floors!
  1806 | D:5      | Entered Level 5 of the Dungeon
  1818 | D:5      | Found an iron altar of Okawaru.
  1930 | D:5      | Found a sacrificial altar of Ru.
  1932 | D:5      | Found an iron altar of Okawaru.
  1953 | D:5      | Noticed a phantom
  1981 | D:5      | Killed a phantom
  1982 | D:5      | Reached skill level 7 in Axes
  1982 | D:5      | Reached XP level 6. HP: 34/55 MP: 6/6
  2008 | D:5      | Noticed an ice beast
  2020 | D:5      | Killed an ice beast
  2023 | D:5      | Found a glowing silver altar of Zin.
  2032 | D:5      | Found an ancient bone altar of Kikubaaqudgha.
  2033 | D:5      | Found a shimmering blue altar of Sif Muna.
  2036 | D:5      | Found a radiant altar of Vehumet.
  2040 | D:5      | Identified Sif Muna's Guide on Orientation
  2089 | D:5      | Reached skill level 8 in Axes
  2090 | D:5      | Noticed Prince Ribbit
  2101 | D:5      | Reached XP level 7. HP: 24/61 MP: 7/7
  2118 | D:5      | Killed Prince Ribbit
  2119 | D:5      | Reached skill level 9 in Axes
  2550 | D:4      | Found a staircase to the Ecumenical Temple.
  2756 | D:4      | Reached skill level 10 in Axes
  2994 | Temple   | Entered the Ecumenical Temple
  3003 | Temple   | Became a worshipper of Makhleb the Destroyer
  3157 | D:3      | Found a burning altar of Makhleb.
  3781 | D:5      | Reached XP level 8. HP: 41/68 MP: 6/6
  3808 | D:5      | Noticed Eustachio
  3822 | D:5      | Killed Eustachio
  3823 | D:5      | Reached skill level 11 in Axes
  4137 | D:6      | Noticed Sigmund
  4145 | D:6      | Killed Sigmund
  4165 | D:6      | Found a hazy altar of Hepliaklqana.
  4207 | D:6      | Reached skill level 12 in Axes
  4260 | D:6      | Reached * piety under Makhleb
  4390 | D:6      | Found an ornate altar of the Wu Jian Council.
  4528 | D:7      | Found a hide-covered altar of Uskayaw.
  4531 | D:7      | Found a transporter.
  4544 | D:7      | Found a transporter.
  4545 | D:7      | Noticed a shapeshifter
  4545 | D:7      | a yak changed into a shapeshifter
  4546 | D:7      | Noticed a blink frog
  4546 | D:7      | a shapeshifter changed into a blink frog
  4554 | D:7      | a blink frog changed into a warg
  4655 | D:7      | Found Dexarag's Hallowed Reliquary.
  4655 | D:7      | Found a glowing golden altar of the Shining One.
  4655 | D:7      | Noticed an angel
  4821 | D:7      | Found Udweomar's General Store.
  4837 | D:7      | Gained mutation: You passively map the area around you.
                  | [Deep Dwarf growth]
  4837 | D:7      | Reached XP level 9. HP: 46/74 MP: 7/7
  4986 | D:7      | Reached skill level 13 in Axes
  5506 | D:8      | Noticed a two-headed ogre
  5510 | D:8      | HP: 3/74 [two-headed ogre/+0 giant spiked club (14)]
  5517 | D:8      | Killed a two-headed ogre
  5539 | D:8      | Reached ** piety under Makhleb
  5729 | D:8      | Reached skill level 14 in Axes
  5760 | D:8      | Reached skill level 1 in Evocations
  5781 | D:8      | Reached skill level 1 in Dodging
  6137 | D:9      | Found Ituut's Armour Emporium.
  6216 | D:9      | Found a staircase to the Lair.
  6233 | D:9      | Reached XP level 10. HP: 44/84 MP: 7/7
  6343 | D:9      | Found a snail-covered altar of Cheibriados.
  6436 | D:9      | Reached *** piety under Makhleb
  6806 | D:10     | Entered Level 10 of the Dungeon
  6884 | D:10     | Noticed Maurice
  7083 | D:10     | Reached skill level 5 in Armour
  7083 | D:10     | Reached skill level 5 in Shields
  7083 | D:10     | Found Wainerghe's Antique Armour Shoppe.
  7260 | D:10     | Killed Maurice
  7712 | D:11     | Reached skill level 5 in Evocations
  7724 | D:11     | Noticed a cyclops
  7724 | D:11     | Noticed a centaur warrior
  7732 | D:11     | Reached **** piety under Makhleb
  7741 | D:11     | Killed a centaur warrior
  7742 | D:11     | Reached skill level 5 in Fighting
  7753 | D:11     | Killed a cyclops
  7754 | D:11     | Reached XP level 11. HP: 9/94 MP: 6/6
  7780 | D:11     | Noticed a deep troll earth mage
  7780 | D:11     | Noticed a sphinx
  7792 | D:11     | Killed from afar by a deep troll earth mage

Illustrated notes

Levels and vault maps discovered:
D:1:      nagdon_arrival_zigzag_paths, layout_basic, hangedman_decor_points
D:2:      layout_basic, minmay_unequal
D:3:      layout_loops_ring, serial_aquarium, aquarium_bridge_straight
          [aquarium_subvault_bridge, aquarium_subvault_window,
          aquarium_subvault_bridge, aquarium_subvault_wall],
          aquarium_bridge_square [aquarium_subvault_wall,
          aquarium_subvault_window, aquarium_subvault_bridge,
          aquarium_subvault_bridge], aquarium_window_corner,
          aquarium_window_corner, aquarium_window_fake, aquarium_view_2e,
          aquarium_balcony_1a, moated_statue, chequers_arboretum, bloody_makhleb
D:4:      layout_cave_pods, temple_doors_e, serial_park, serial_park_avenue1,
          serial_park_square2
D:5:      layout_basic, grunt_temple_overflow_magic_moments,
          nicolae_overflow_hidden_temple, okawaru_gym_becter, uniq_eustachio,
          uniq_prince_ribbit1
D:6:      layout_rooms, kennysheep_little_box, lemuel_crystal_altar,
          lemuel_flamethrower_1, uniq_sigmund
D:7:      layout_loops_corners, gammafunk_temple_overflow_arena, serial_shops,
          shop, nicolae_good_shop
D:8:      layout_basic
D:9:      layout_roguey, slow_altar_2, erik_lair_orcish_takeover, serial_shops,
          shop
D:10:     layout_basic, serial_shops, nicolae_shop_statue_plus, uniq_maurice
D:11:     minmay_shrinking_squares, layout_basic, zombieorc2_lemuel,
          gammafunk_ghost_spectres, gauntlet_entry_generic, uniq_snorg
Temple:   minmay_freezing_vapour_temple

Skill      XL: |  1  2  3  4  5  6  7  8  9 10 |
---------------+-------------------------------+-----
Axes           | 3 4 5 7 8 10 12 14 | 14.7
Evocations     | 2 6 |  6.0
Dodging        | 2 4 |  4.0
Fighting       | 3 5 |  5.1
Shields        | 4 6 |  6.1
Armour         | 4 5 |  5.0

Action                   |  1- 3 |  4- 6 |  7- 9 | 10-12 || total
-------------------------+-------+-------+-------+-------++-------
Melee: War axe           |   111 |    97 |   347 |   252 ||   807
 Abil: Heal Wounds       |       |     2 |    12 |    10 ||    24
  Use: Scroll            |       |       |    11 |     2 ||    13
       Potion            |       |       |       |     1 ||     1
Armor: Scale mail        |    43 |    33 |   105 |       ||   181
       Plate armour      |       |       |    21 |   132 ||   153
Dodge: Dodged            |    29 |    25 |    82 |    39 ||   175
Block: Kite shield       |    69 |    45 |   139 |   114 ||   367
